 Dungeon Crawl Stone Soup version 0.21.1-1-g345015fe64 (webtiles) character file.

165 Gargoyl the Skirmisher (level 5, 0/46 HPs)
             Began as a Centaur Abyssal Knight on Apr 23, 2018.
             Was a Believer of Lugonu.
             Succumbed to an orc wizard's poison
             ... on level 3 of the Dungeon.
             The game lasted 00:05:17 (3320 turns).

Gargoyl the Skirmisher (Centaur Abyssal Knight)     Turns: 3320, Time: 00:05:18

Health: 0/46       AC: 12    Str: 14    XL:     5   Next: 21%
Magic:  6/7        EV:  2    Int: 11    God:    Lugonu [**....]
Gold:   207        SH:  0    Dex: 10    Spells: 4/4 levels left

rFire    . . .     SeeInvis .   a - +1 hand axe
rCold    . . .     Gourm    .   (no shield)
rNeg     . . .     Faith    .   f - +0 plate armour
rPois    .         Spirit   .   k - +2 helmet
rElec    .         Reflect  .   (no cloak)
rCorr    .         Harm     .   (no gloves)
MR       .....                  (no barding)
Stlth    ..........             l - amulet of regeneration
HPRegen  0.55/turn              (no ring)
MPRegen  0.10/turn              (no ring)

@: lethally poisoned (0 -> -7), very quick
A: large, hooves 3, deformed body, speed 2, tough skin 3
a: Depart the Abyss, Bend Space, Renounce Religion


You were on level 3 of the Dungeon.
You worshipped Lugonu.
Lugonu was pleased with you.
You were not hungry.

You visited 1 branch of the dungeon, and saw 3 of its levels.
You visited the Abyss 1 time.

You collected 207 gold pieces.

Inventory:

Hand Weapons
 a - a +1 hand axe (weapon)
Armour
 f - a +0 plate armour (worn)
 k - a +2 helmet (worn)
Jewellery
 l - an amulet of regeneration (around neck)
Wands
 d - a wand of digging (8)
Scrolls
 g - 4 scrolls of identify
 m - a scroll of magic mapping
 p - a scroll of noise {unknown}
Potions
 b - 2 potions of haste
 e - a potion of agility
 h - a potion of might
Comestibles
 c - 6 rations
 n - 3 chunks of flesh


   Skills:
 + Level 4.2 Fighting
 + Level 2.6 Axes
 * Level 2.5 Armour
 + Level 0.6 Dodging
 * Level 2.9 Invocations


You had 4 spell levels left.
You didn't know any spells.

Dungeon Overview and Level Annotations

Branches:
Dungeon (3/15)

Altars:
Hepliaklqana
Uskayaw
Zin


Innate Abilities, Weirdness & Mutations

You have hooves in place of feet.
Armour fits poorly on your strangely shaped body.
You cover ground very quickly.
You have extremely tough skin. (AC +3)


Message History

The magic dart hits you!
* * * LOW HITPOINT WARNING * * *
Okay, then.
* * * LOW HITPOINT WARNING * * *
You feel sick.
* * * LOW HITPOINT WARNING * * *
You feel sick.
* * * LOW HITPOINT WARNING * * *
You feel sick.
The orc wizard gestures at you while chanting.
The magic dart hits you!
* * * LOW HITPOINT WARNING * * *
* * * LOW HITPOINT WARNING * * *
You feel sick.
Unknown command.
Unknown command.
Unknown command.
* * * LOW HITPOINT WARNING * * *
You feel sick.
You die...

#####............
..........###....#...
########.#....#.....
#...####....# #..## #....
##o..# #..)# #....####...#
########## ##).#...##...#
#........# #..@###.##...#
#........# #....##......#
#........# #....####.#.##
#........#####...........#
#............#....###.#.#.....
#........###.#)(..# #.._..####
#........# #.#.)..# ###.###
#........###..)...# .#
#..####...###..##.# ##


You could see an orc wizard.

Vanquished Creatures
  Terence (D:2)
  Robin (D:2)
  4 adders (D:2)
  2 oozes (D:1)
  3 worms (D:2)
  5 leopard geckos
  6 orcs (D:3)
  2 bats
  2 giant cockroaches
  15 goblins
  4 hobgoblins
  3 jackals (D:3)
  5 kobolds
  A quokka (D:2)
  4 frilled lizards
  4 rats (D:1)
62 creatures vanquished.

Vanquished Creatures (others)
  A kobold (D:3)
1 creature vanquished.

Grand Total: 63 creatures vanquished

Notes
Turn   | Place    | Note
-------+----------+-------------------------------------------
     0 | Abyss:1  | Gargoyl the Centaur Abyssal Knight began the quest for the Orb.
     0 | Abyss:1  | Reached XP level 1. HP: 19/19 MP: 2/2
    97 | Abyss:3  | Noticed an ancient zyme
    98 | Abyss:3  | Noticed a freezing wraith
   132 | Abyss:4  | Noticed a blink frog
   133 | Abyss:4  | Noticed a blink frog
   133 | Abyss:4  | Noticed a blink frog
   133 | Abyss:4  | Noticed an ancient zyme
   134 | Abyss:4  | Noticed a blink frog
   144 | Abyss:4  | Noticed a tentacled starspawn
   144 | Abyss:4  | Noticed a large abomination
   146 | Abyss:5  | Entered Level 5 of the Abyss
   167 | Abyss:5  | Noticed an earth elemental
   193 | Abyss:5  | Noticed a smoke demon
   195 | D:1      | Escaped the Abyss
   422 | D:1      | Reached * piety under Lugonu
   519 | D:1      | Reached XP level 2. HP: 26/26 MP: 3/3
  1241 | D:2      | Reached XP level 3. HP: 33/33 MP: 4/4
  1248 | D:2      | Noticed Robin
  1264 | D:2      | Killed Robin
  1375 | D:2      | Reached skill level 4 in Fighting
  1738 | D:2      | Found a glowing silver altar of Zin.
  1920 | D:2      | Reached XP level 4. HP: 40/40 MP: 5/5
  2151 | D:2      | Noticed Terence
  2177 | D:2      | Killed Terence
  2833 | D:2      | Reached XP level 5. HP: 45/46 MP: 7/7
  3148 | D:3      | Found a hide-covered altar of Uskayaw.
  3148 | D:3      | Noticed a hand axe
  3149 | D:3      | Noticed a dagger
  3180 | D:3      | Reached ** piety under Lugonu
  3268 | D:3      | Found a hazy altar of Hepliaklqana.
  3317 | D:3      | HP: 2/46 [orc wizard/magic dart (2)]
  3320 | D:3      | Succumbed to an orc wizard's poison

Skill      XL: |  1  2  3  4 |
---------------+-------------+-----
Axes           | 2 |  2.6
Fighting       | 4 |  4.2
Armour         | 2 |  2.5
Dodging        | |  0.6
Invocations    | |  2.9

Action                   |  1- 3 |  4- 6 || total
-------------------------+-------+-------++-------
Melee: Hand axe          |   120 |   127 ||   247
       Kick              |    20 |    23 ||    43
Invok: Depart the Abyss  |     1 |       ||     1
       Bend Space        |       |     1 ||     1
  Use: Potion            |     3 |     6 ||     9
       Scroll            |     4 |     2 ||     6
  Eat: Chunk             |     1 |     5 ||     6
Armor: Plate armour      |   105 |   175 ||   280
Dodge: Dodged            |     4 |    24 ||    28
